[Event "Titled Tuesday Blitz December 14 2021"]
[White "Willow, Jonah B"]
[Black "Leitao, Rafael"]
[WhiteFideId "438804"]
[BlackFideId "2101246"]
[WhiteElo "2261"]
[BlackElo "2609"]
[Result "1/2-1/2"]
[Round "08"]
[TimeControl "180+1"]
[Date "2021.12.14"]
[WhiteClock "0:00:22"]
[BlackClock "0:00:07"]

1. e4 e5 2. Nf3 Nc6 3. Nc3 Nf6 4. Bb5 Nd4 5. Bc4 c6 6. Nxe5 Qe7 7. Nxf7 d5 8. Nxh8 dxc4 9. O-O Be6 10. d3 O-O-O 11. Bf4 g5 12. Bxg5 Qg7 13. f4 Bc5 14. Na4 Be7 15. c3 Nb5 16. e5 Ng4 17. Bxe7 Qxe7 18. f5 Ne3 19. Qh5 Nxf1 20. Rxf1 Rxh8 21. fxe6 cxd3 22. Rf7 Qxe6 23. Nc5 Qd5 24. Qg4+ Kb8 25. Rxb7+ Ka8 26. b4 Rg8 27. Rg7 Rd8 28. Nxd3 Qxd3 29. h4 Nxc3 30. Kh2 Ne2 31. Qf3 Qxf3 32. gxf3 Nd4 33. f4 h5 34. Rf7 Rg8 35. Kh3 Nf3 36. e6 Ng1+ 37. Kh2 Nf3+ 38. Kh3 Ng1+ 39. Kh2 Nf3+ 40. Kh3 1/2-1/2


[Site "https://www.chess.com"]

[Event "Titled Tuesday Blitz December 14 2021"]
[White "Zakhartsov, Vladimir"]
[Black "Albornoz Cabrera, Carlos Daniel"]
[WhiteFideId "4145097"]
[BlackFideId "3518736"]
[WhiteElo "2411"]
[BlackElo "2490"]
[Result "0-1"]
[Round "08"]
[TimeControl "180+1"]
[Date "2021.12.14"]
[WhiteClock "0:00:03"]
[BlackClock "0:00:04"]

1. c4 Nf6 2. Nc3 g6 3. g3 Bg7 4. Bg2 O-O 5. Nf3 d6 6. O-O e5 7. d4 Nbd7 8. b3 exd4 9. Nxd4 Re8 10. Bb2 a5 11. Qd2 Nc5 12. Rfd1 h5 13. h4 Bg4 14. Re1 Qe7 15. a3 Bd7 16. e4 Ng4 17. Nd5 Qd8 18. Rab1 c6 19. Nf4 Ne5 20. Rbc1 Bh6 21. b4 axb4 22. axb4 Ncd3 23. Nf3 Nxe1 24. Nxe1 Be6 25. c5 Bg7 26. cxd6 Ra2 27. Rc2 Rxb2 28. Rxb2 Nc4 29. Qe2 Nxb2 30. e5 Bg4 31. Qxb2 Bxe5 32. Qc1 Bxf4 33. gxf4 Qxd6 34. Nc2 Re2 35. Bf1 Rd2 36. Ne3 Qd4 37. b5 Bd7 38. b6 Rb2 39. Qa1 Qd2 40. Nd1 Ra2 41. Qb1 Bf5 42. Qb3 Qc2 43. Qf3 Bg4 44. Qe3 Bxd1 45. Bd3 Qd2 46. Qe8+ Kg7 47. Qe5+ Kf8 48. Qd6+ Kg8 49. Qb8+ Kh7 50. Bxg6+ fxg6 51. Qc7+ Kh6 52. Kh1 Bf3+ 0-1


[Site "https://www.chess.com"]

[Event "Titled Tuesday Blitz December 14 2021"]
[White "Zhigalko, Sergei"]
[Black "Agasarov, Benik"]
[WhiteFideId "13502956"]
[BlackFideId "13314823"]
[WhiteElo "2662"]
[BlackElo "2628"]
[Result "1-0"]
[Round "08"]
[TimeControl "180+1"]
[Date "2021.12.14"]
[WhiteClock "0:00:09"]
[BlackClock "0:00:09"]

1. e4 e5 2. Nf3 Nc6 3. Bc4 Nf6 4. d3 Be7 5. O-O d6 6. c3 O-O 7. Re1 Na5 8. Bb5 a6 9. Ba4 b5 10. Bc2 c5 11. Nbd2 Qc7 12. Nf1 Be6 13. Bg5 h6 14. Bh4 Rac8 15. Ne3 g6 16. Qd2 Kg7 17. h3 Nc6 18. Rad1 Nh5 19. Bb3 Bxh4 20. Nxh4 Nf4 21. Kh2 Qe7 22. g3 Qf6 23. Bxe6 fxe6 24. Rg1 Qg5 25. Rdf1 Kh7 26. Nhg2 Nxg2 27. Kxg2 d5 28. h4 Qf6 29. f3 h5 30. exd5 exd5 31. Nxd5 Qd6 32. c4 Nd4 33. b3 Rf7 34. Rf2 Rcf8 35. Rgf1 Qe6 36. Nc3 Kg7 37. Ne4 Qc6 38. Qe3 Nf5 39. Qd2 Rd7 40. Ng5 Rfd8 41. Qe2 Qf6 42. Rd1 Nd4 43. Qe3 Nf5 44. Qxc5 Rxd3 45. Rxd3 Rxd3 46. Qa7+ Qe7 47. Qxa6 Ne3+ 48. Kh2 bxc4 49. bxc4 Nf5 50. Kg2 Ne3+ 51. Kh2 Nf5 52. Qe6 Qc5 53. Rg2 Qc7 54. Qxf5 gxf5 55. Ne6+ Kf6 56. Nxc7 Rxf3 57. Rc2 Ra3 58. c5 Ke7 59. c6 Kd8 60. Nd5 Kc8 61. c7 Ra5 62. Ne7+ Kd7 63. c8=Q+ Kxe7 64. Qc7+ Ke6 65. Qxa5 Kf6 66. Rc6+ Kg7 67. Qa7+ 1-0


[Site "https://www.chess.com"]

[Event "Titled Tuesday Blitz December 14 2021"]
[White "Zierk, Steven"]
[Black "Paravyan, David"]
[WhiteFideId "2034255"]
[BlackFideId "4194985"]
[WhiteElo "2494"]
[BlackElo "2656"]
[Result "0-1"]
[Round "08"]
[TimeControl "180+1"]
[Date "2021.12.14"]
[WhiteClock "0:01:10"]
[BlackClock "0:01:51"]

1. e4 c5 2. Nf3 Nc6 3. Bb5 g6 4. O-O Bg7 5. c3 Nf6 6. Re1 O-O 7. d4 d5 8. e5 Ne4 9. Be3 Bg4 10. h3 Bd7 11. a4 a6 12. Bxc6 Bxc6 13. dxc5 Qc7 14. Nbd2 Bxe5 15. Nxe5 Qxe5 16. Bh6 Rfd8 17. f3 Qh5 18. Bf4 Nxc5 19. Rxe7 Qh4 0-1


[Site "https://www.chess.com"]

[Event "Titled Tuesday Blitz December 14 2021"]
[White "Acor, Corey"]
[Black "Kamsky, Gata"]
[WhiteFideId "2024861"]
[BlackFideId "2000024"]
[WhiteElo "2303"]
[BlackElo "2645"]
[Result "1/2-1/2"]
[Round "09"]
[TimeControl "180+1"]
[Date "2021.12.14"]
[WhiteClock "0:00:13"]
[BlackClock "0:00:31"]

1. e4 c5 2. Nc3 e6 3. g3 Nc6 4. Bg2 g6 5. d3 Bg7 6. Be3 d6 7. Nf3 e5 8. O-O Nge7 9. Nh4 O-O 10. f4 exf4 11. Bxf4 h6 12. Be3 Be6 13. Qd2 Kh7 14. Rf2 Qd7 15. Raf1 b6 16. Nd5 Bxd5 17. exd5 Ne5 18. c3 f5 19. h3 c4 20. d4 Nd3 21. Re2 b5 22. Kh2 Rae8 23. Bg1 g5 24. Nf3 Ng6 25. Ne1 Rxe2 26. Qxe2 Re8 27. Qd2 Nxe1 28. Rxe1 Kg8 29. Bf3 Rxe1 30. Qxe1 Qe7 31. Qe6+ Qxe6 32. dxe6 Ne7 33. Bb7 d5 34. Ba6 Kf8 35. Bxb5 Nc8 36. a4 a5 37. Bd7 Nb6 38. Be3 Nxd7 39. exd7 Ke7 40. g4 f4 41. Bc1 Kxd7 42. Kg2 Ke6 43. Kf3 Bf8 44. Bd2 Bd6 45. Bc1 1/2-1/2


[Site "https://www.chess.com"]

[Event "Titled Tuesday Blitz December 14 2021"]
[White "Albornoz Cabrera, Carlos Daniel"]
[Black "Dobrov, Vladimir"]
[WhiteFideId "3518736"]
[BlackFideId "4136594"]
[WhiteElo "2490"]
[BlackElo "2614"]
[Result "0-1"]
[Round "09"]
[TimeControl "180+1"]
[Date "2021.12.14"]
[WhiteClock "0:00:02"]
[BlackClock "0:00:24"]

1. e4 c5 2. Nf3 Nc6 3. Bb5 e6 4. O-O Nge7 5. c3 a6 6. Ba4 b5 7. Bc2 Bb7 8. d4 cxd4 9. cxd4 d5 10. Nc3 Nb4 11. e5 Nxc2 12. Qxc2 Qd7 13. Bg5 h6 14. Bf4 Rc8 15. Qd2 Ng6 16. Be3 Bb4 17. a3 Ba5 18. Rac1 Ne7 19. g4 h5 20. h3 hxg4 21. hxg4 f5 22. exf6 gxf6 23. Kg2 e5 24. Nh2 Rxh2+ 25. Kxh2 Qxg4 26. Rg1 Qh5+ 27. Kg2 Kf7 28. Kf1 Nf5 29. b4 Bb6 30. Ne2 Rc4 31. Rxc4 dxc4 32. dxe5 Nxe3+ 33. fxe3 Qh3+ 34. Ke1 Bxe3 35. e6+ Qxe6 36. Qc2 Be4 37. Qc3 Bxg1 38. Nxg1 Bd3+ 39. Kf2 Qf5+ 40. Kg3 Qg5+ 41. Kh2 Qf4+ 42. Kg2 Be4+ 43. Kh3 Qh6+ 44. Kg3 Qg5+ 45. Kf2 Qf4+ 46. Ke2 Bd3+ 0-1


[Site "https://www.chess.com"]

[Event "Titled Tuesday Blitz December 14 2021"]
[White "Alikhanov, Felix"]
[Black "Sychev, Klementy"]
[WhiteFideId "4157427"]
[BlackFideId "4114060"]
[WhiteElo "2425"]
[BlackElo "2615"]
[Result "1-0"]
[Round "09"]
[TimeControl "180+1"]
[Date "2021.12.14"]
[WhiteClock "0:00:16"]
[BlackClock "0:00:02"]

1. e4 Nc6 2. d4 d5 3. Nc3 dxe4 4. d5 Nb8 5. Bf4 Nf6 6. Qd2 c6 7. O-O-O cxd5 8. f3 exf3 9. Nxf3 e6 10. g4 Bb4 11. Qd4 Bxc3 12. Qxc3 O-O 13. Bd3 Nc6 14. g5 d4 15. Nxd4 Nd5 16. Nxc6 bxc6 17. Qc4 Qb6 18. Bd2 Rb8 19. b3 Nb4 20. Bxb4 Qxb4 21. Qxb4 Rxb4 22. h4 e5 23. h5 Bg4 24. Rde1 Bf3 25. Rhf1 e4 26. Bc4 c5 27. g6 Rxc4 28. gxf7+ Rxf7 29. bxc4 g5 30. hxg6 hxg6 31. Rg1 Kg7 32. Rg5 Rf5 33. Reg1 Kf6 34. Rxg6+ Ke5 35. R6g5 e3 36. Rxf5+ Kxf5 37. Re1 Ke4 38. Rg1 Kd4 39. Rf1 Bh5 40. Rf4+ Kc3 41. Re4 e2 42. Re3+ Kxc4 43. Kd2 a5 44. Ra3 Kb5 45. Rb3+ Kc6 46. Ra3 Kb6 47. Rb3+ Kc6 48. Ra3 Kb5 49. Rh3 Bg4 50. Rh4 Bf3 51. Rf4 Bh5 52. Rf5 Bg4 53. a4+ Kc6 54. Rf4 Bh5 55. Rf6+ Kc7 56. Ra6 1-0


[Site "https://www.chess.com"]

[Event "Titled Tuesday Blitz December 14 2021"]
[White "Andreikin, Dmitry"]
[Black "Horvath, Dominik"]
[WhiteFideId "4158814"]
[BlackFideId "1642561"]
[WhiteElo "2736"]
[BlackElo "2336"]
[Result "1-0"]
[Round "09"]
[TimeControl "180+1"]
[Date "2021.12.14"]
[WhiteClock "0:01:42"]
[BlackClock "0:00:31"]

1. e4 c5 2. Nf3 Nc6 3. d4 cxd4 4. Nxd4 Nf6 5. Nc3 e5 6. Nde2 Bc5 7. Ng3 O-O 8. Be2 d6 9. Na4 Be6 10. O-O h6 11. c3 Bb6 12. Nxb6 axb6 13. c4 Nd4 14. Be3 Nxe2+ 15. Qxe2 Qc7 16. b3 Qc6 17. f3 Ra6 18. a4 Nd7 19. Qf2 Nc5 20. Rab1 Raa8 21. Rfd1 Rfd8 22. Nh5 f5 23. Bxh6 Rd7 24. Qg3 Kh7 25. Bxg7 Rg8 26. Nf6# 1-0


[Site "https://www.chess.com"]

[Event "Titled Tuesday Blitz December 14 2021"]
[White "Atabayev, Saparmyrat"]
[Black "Willow, Jonah B"]
[WhiteFideId "14000571"]
[BlackFideId "438804"]
[WhiteElo "2483"]
[BlackElo "2261"]
[Result "1-0"]
[Round "09"]
[TimeControl "180+1"]
[Date "2021.12.14"]
[WhiteClock "0:00:19"]
[BlackClock "0:00:03"]

1. e4 c5 2. d4 cxd4 3. Nf3 Nc6 4. Nxd4 g6 5. Nc3 Bg7 6. Be3 Nf6 7. Nxc6 bxc6 8. e5 Ng8 9. Bd4 Qa5 10. Bc4 Bxe5 11. O-O Nh6 12. Re1 f6 13. f4 Bxd4+ 14. Qxd4 Qb6 15. Rad1 Nf5 16. Qf2 d5 17. Bb3 Bb7 18. Na4 Qxf2+ 19. Kxf2 Rb8 20. Nc5 Ba8 21. Re6 Kf7 22. Rde1 Rhe8 23. c3 Nd6 24. g4 Rb5 25. Nd7 Bb7 26. g5 Bc8 27. gxf6 Nf5 28. Rxc6 Bxd7 29. Rc7 Be6 30. Rxa7 Kxf6 31. Re2 Nd6 32. Ba4 Ne4+ 33. Rxe4 dxe4 34. Bxb5 Rb8 35. a4 Bd5 36. Ke3 e6 37. c4 Bb7 38. c5 Bd5 39. c6 e5 40. c7 Rf8 41. Ba6 Be6 42. Rb7 exf4+ 43. Kxf4 Ke7+ 44. Kxe4 Bc8 45. Rb6 Kd7 46. Bxc8+ Rxc8 47. Rb7 Kc6 48. Ra7 Kb6 49. Kd5 Kxa7 50. Kc6 g5 51. b4 g4 52. b5 h5 53. b6+ Ka6 54. b7 Rxc7+ 55. Kxc7 1-0


[Site "https://www.chess.com"]

[Event "Titled Tuesday Blitz December 14 2021"]
[White "Belous, Vladimir"]
[Black "Aggelis, Nikolaos"]
[WhiteFideId "4174003"]
[BlackFideId "4213220"]
[WhiteElo "2510"]
[BlackElo "2154"]
[Result "1-0"]
[Round "09"]
[TimeControl "180+1"]
[Date "2021.12.14"]
[WhiteClock "0:01:03"]
[BlackClock "0:01:09"]

1. Nf3 Nf6 2. c4 g6 3. Nc3 d5 4. d4 Bg7 5. Bf4 O-O 6. e3 c5 7. dxc5 Qa5 8. Rc1 dxc4 9. Bxc4 Qxc5 10. Bb3 Nc6 11. O-O Qa5 12. h3 Qa6 13. e4 Rd8 14. Nd5 Nxd5 15. exd5 e6 16. Bg5 Rxd5 17. Bxd5 exd5 18. Qxd5 Be6 19. Qd2 Qxa2 20. Rfd1 Qxb2 21. Qf4 h6 22. Bxh6 Bxh6 23. Qxh6 Qg7 24. Qf4 a5 25. Ng5 Bb3 26. Rd7 a4 27. Rxb7 Qd4 28. Rxf7 Qxf4 29. Rxf4 a3 30. Rxc6 a2 31. Rxg6+ Kh8 32. Rh4# 1-0


[Site "https://www.chess.com"]

[Event "Titled Tuesday Blitz December 14 2021"]
[White "Belyakov, Bogdan"]
[Black "Zhigalko, Sergei"]
[WhiteFideId "24104795"]
[BlackFideId "13502956"]
[WhiteElo "2407"]
[BlackElo "2662"]
[Result "0-1"]
[Round "09"]
[TimeControl "180+1"]
[Date "2021.12.14"]
[WhiteClock "0:00:03"]
[BlackClock "0:00:03"]

1. e4 c5 2. c3 Nf6 3. e5 Nd5 4. d4 cxd4 5. cxd4 Nc6 6. Nf3 d6 7. Bc4 Nb6 8. Bb5 d5 9. O-O Bf5 10. Nc3 e6 11. Bg5 Be7 12. Bxe7 Qxe7 13. Bxc6+ bxc6 14. Na4 O-O 15. Nc5 a5 16. b3 a4 17. bxa4 Qa7 18. Nh4 Be4 19. f3 Bg6 20. Nxg6 hxg6 21. a5 Nc4 22. a6 Ne3 23. Qa4 Nxf1 24. Rxf1 Rfb8 25. Qxc6 Rb4 26. Rd1 Rab8 27. h3 Rb2 28. Qa4 Re2 29. Nb7 Rb2 30. Nc5 Re2 31. Nb7 Rxe5 32. Kh1 Re2 33. a3 Rb2 34. Nc5 Kh7 35. Qc6 Rc2 36. Qa4 Rbb2 37. Rg1 Rc4 38. Qe8 Rxd4 39. Nd7 Rdd2 40. Nf8+ Kh6 41. Nd7 Qxg1+ 42. Kxg1 Rxg2+ 43. Kf1 Rgc2 44. Qh8+ Kg5 45. Qd8+ f6 46. Qb6 Rc1# 0-1


[Site "https://www.chess.com"]

[Event "Titled Tuesday Blitz December 14 2021"]
[White "Donchenko, Alexander"]
[Black "Bortnyk, Olexandr"]
[WhiteFideId "24603295"]
[BlackFideId "14120828"]
[WhiteElo "2494"]
[BlackElo "2723"]
[Result "0-1"]
[Round "09"]
[TimeControl "180+1"]
[Date "2021.12.14"]
[WhiteClock "0:00:11"]
[BlackClock "0:00:34"]

1. Nf3 Nf6 2. g3 d6 3. d4 g6 4. Bg2 Bg7 5. O-O O-O 6. b3 Bf5 7. Bb2 Qc8 8. Nbd2 c6 9. Re1 d5 10. c4 h6 11. cxd5 cxd5 12. Rc1 Qe6 13. Ne5 Nbd7 14. Ndf3 Be4 15. Nxd7 Nxd7 16. Qd2 Rfc8 17. Qb4 b6 18. Ba3 Bf6 19. Qa4 a5 20. Qb5 g5 21. e3 Kg7 22. Nd2 Bxg2 23. Kxg2 Nf8 24. Qd3 Ng6 25. Nb1 Qg4 26. Qe2 Nh4+ 27. Kg1 Nf3+ 28. Kh1 Qe4 29. Rf1 Nxd4+ 30. f3 Nxe2 31. Rxc8 Qd3 0-1


[Site "https://www.chess.com"]

[Event "Titled Tuesday Blitz December 14 2021"]
[White "Dubov, Daniil"]
[Black "Ibarra Jerez, Jose Carlos"]
[WhiteFideId "24126055"]
[BlackFideId "2226332"]
[WhiteElo "2749"]
[BlackElo "2626"]
[Result "1/2-1/2"]
[Round "09"]
[TimeControl "180+1"]
[Date "2021.12.14"]
[WhiteClock "0:00:25"]
[BlackClock "0:00:34"]

1. e4 c5 2. Nf3 Nf6 3. e5 Nd5 4. Nc3 e6 5. Ne4 f5 6. exf6 Nxf6 7. Nxf6+ Qxf6 8. d4 cxd4 9. Qxd4 Nc6 10. Qe3 d5 11. Bd3 Bd6 12. O-O O-O 13. Ng5 g6 14. c4 Ne5 15. Be2 Nxc4 16. Bxc4 dxc4 17. Ne4 Qf4 18. Nxd6 Qxd6 19. Bd2 Qd3 20. Qh6 e5 21. Bc3 Qf5 22. f4 Qh5 23. Qxh5 gxh5 24. Bxe5 Bf5 25. Rad1 Rfd8 26. Kf2 Kf7 27. Ke3 Rac8 28. h3 Rd3+ 29. Rxd3 cxd3 30. Bc3 Re8+ 31. Be5 Rc8 32. Kf3 h4 33. Bc3 Re8 34. Re1 Rxe1 35. Bxe1 Be6 36. Ke4 Bxa2 37. Kxd3 Bd5 38. Bxh4 Bxg2 39. Bf2 Bxh3 40. Bxa7 Ke6 41. f5+ Kxf5 42. Ke3 Kg4 43. Bb8 Bg2 44. Kf2 Kh3 45. Bc7 Bc6 46. Bb8 h5 47. Bc7 Kg4 48. Bb8 Kf5 49. Bc7 Ke6 50. Bb8 Kd7 51. Bg3 Be4 52. Be5 Bf5 53. Kg3 Bg4 54. Kh4 Ke6 55. Bh8 Kd5 56. Bg7 Ke6 57. Bh8 Kf7 58. Bc3 b5 59. Bb4 Ke6 60. Bc3 Kd5 61. Bb4 Kc4 62. Bc3 b4 63. Bg7 Kd5 64. Bh8 Ke6 65. Bd4 Kf7 66. Bc5 b3 67. Bd4 Ke6 68. Bc3 Kd5 69. Bb4 Ke4 70. Bc3 Kf3 71. Bg7 Kg2 72. Bh8 Kf3 73. Bg7 Ke4 74. Bh8 Kd5 75. Bg7 Ke6 76. Bh8 Kd5 77. Bc3 Kc4 78. Bh8 Kd5 1/2-1/2


[Site "https://www.chess.com"]

[Event "Titled Tuesday Blitz December 14 2021"]
[White "Erdogdu, Mert"]
[Black "Urazayev, Arystanbek"]
[WhiteFideId "6301495"]
[BlackFideId "13709810"]
[WhiteElo "2485"]
[BlackElo "2321"]
[Result "0-1"]
[Round "09"]
[TimeControl "180+1"]
[Date "2021.12.14"]
[WhiteClock "0:00:07"]
[BlackClock "0:00:16"]

1. e4 c5 2. Nf3 d6 3. d4 cxd4 4. Nxd4 Nf6 5. Nc3 Nc6 6. Bg5 e6 7. Qd2 a6 8. O-O-O Bd7 9. Be3 Ng4 10. Bg5 Nf6 11. f3 Nxd4 12. Qxd4 Be7 13. Kb1 b5 14. h4 Rb8 15. Qd2 b4 16. Ne2 a5 17. Nd4 a4 18. Bd3 h6 19. Be3 h5 20. Bg5 Qb6 21. Ne2 b3 22. cxb3 axb3 23. a3 d5 24. e5 Ng8 25. Rc1 Bb5 26. Bxb5+ Qxb5 27. Nd4 Qb7 28. Nc6 Rc8 29. Nxe7 Nxe7 30. Bxe7 Kxe7 31. Qg5+ Kf8 32. Rxc8+ Qxc8 33. Rc1 Qb8 34. Rc3 Kg8 35. Qe3 Kh7 36. Rxb3 Qa8 37. Qd3+ g6 38. Rb4 Rc8 39. g4 hxg4 40. fxg4 Qa7 41. h5 Qg1+ 42. Ka2 Rc1 43. Rb7 Kh6 44. Qd2+ g5 45. Rxf7 Ra1+ 46. Kb3 Qb6+ 47. Qb4 Qe3+ 48. Ka4 Qe4 49. Rf6+ Kg7 50. Rxe6 Rc1 51. Rg6+ Kh7 52. Qxe4 dxe4 53. e6 e3 54. e7 Rc4+ 55. Kb3 Re4 56. Rc6 e2 57. Rc1 e1=Q 58. Rxe1 Rxe1 59. a4 Rxe7 60. a5 Re4 61. a6 Re6 62. Kc4 0-1


[Site "https://www.chess.com"]

[Event "Titled Tuesday Blitz December 14 2021"]
[White "Fawzy, Adham"]
[Black "Rasulov, Vugar"]
[WhiteFideId "10613129"]
[BlackFideId "13402390"]
[WhiteElo "2508"]
[BlackElo "2560"]
[Result "1-0"]
[Round "09"]
[TimeControl "180+1"]
[Date "2021.12.14"]
[WhiteClock "0:00:15"]
[BlackClock "0:00:18"]

1. e4 c5 2. c4 Nc6 3. Nc3 g6 4. d3 Bg7 5. g3 h5 6. h3 e6 7. Bg2 Nge7 8. Nge2 O-O 9. Be3 Nd4 10. O-O b6 11. Qd2 Bb7 12. Bh6 Nxe2+ 13. Nxe2 d5 14. Bxg7 Kxg7 15. exd5 exd5 16. Nf4 Qd6 17. d4 Rac8 18. dxc5 Rxc5 19. cxd5 Nf5 20. Rfe1 Rfc8 21. Be4 Qf6 22. Bxf5 Qxf5 23. Re7 Bxd5 24. b4 Rc4 25. Nxd5 h4 26. Ne3 Qf6 27. Re1 Rd4 28. Qb2 hxg3 29. fxg3 Rcd8 30. Ng4 Qf3 31. R7e3 Qd5 32. Rd3 Kf8 33. Rxd4 Qxd4+ 34. Qxd4 Rxd4 35. a3 Rd3 36. Re3 Rd2 37. Ne5 b5 38. Rf3 Ke7 39. Nxf7 Rd1+ 40. Kf2 Rd2+ 41. Ke1 Rh2 42. Ng5 Kd6 43. Re3 Kd5 44. h4 Ra2 45. Nf3 a6 46. Nd2 Kd4 47. Ke2 Kd5 48. Rd3+ Ke5 49. Re3+ Kf5 50. Rc3 Kg4 51. Kd1 Kh3 52. Ne4 Kg2 53. Nc5 Ra1+ 54. Kc2 Rf1 55. Nxa6 Rf2+ 56. Kb3 Rf1 57. Nc7 Rb1+ 58. Kc2 Rf1 59. Nxb5 g5 60. hxg5 Rf2+ 61. Kb3 Rf5 62. Nd4 Rxg5 63. b5 Rg4 64. Nc2 Rg5 65. a4 Rg8 66. Kb4 Kf2 67. Nd4 Rd8 68. Nc6 Rg8 69. b6 Ke2 70. b7 Kd2 71. Rc5 Rg4+ 72. Kb5 Rxg3 73. b8=Q Rb3+ 74. Nb4 Rf3 75. Qd6+ Ke2 76. Re5+ Kf2 77. Qd4+ Kg3 78. Rg5+ Kh2 79. Qg1+ Kh3 80. Qh1# 1-0


[Site "https://www.chess.com"]

[Event "Titled Tuesday Blitz December 14 2021"]
[White "Gabrielian, Artur"]
[Black "Martins, Bruno Andre Leite"]
[WhiteFideId "4131002"]
[BlackFideId "1942255"]
[WhiteElo "2440"]
[BlackElo "2137"]
[Result "1/2-1/2"]
[Round "09"]
[TimeControl "180+1"]
[Date "2021.12.14"]
[WhiteClock "0:00:07"]
[BlackClock "0:00:13"]

1. e4 c6 2. d4 d5 3. e5 Bf5 4. h4 Qc8 5. h5 h6 6. c4 e6 7. Nc3 Ne7 8. Be3 Nd7 9. Rc1 dxc4 10. Bxc4 Nb6 11. Bb3 a5 12. Nge2 Ned5 13. Nxd5 Nxd5 14. O-O Qd7 15. Ng3 Bh7 16. Qf3 a4 17. Bc4 a3 18. bxa3 Bxa3 19. Rcd1 O-O 20. Ne4 Bxe4 21. Qxe4 f5 22. exf6 Rxf6 23. Bd3 Rf5 24. Qg4 Rf6 25. Qe4 Rf5 26. g4 Nf6 27. Qg2 Rfa5 28. Rfe1 Qd5 29. Qxd5 exd5 30. f3 Bd6 31. Bb1 Re8 32. Bd2 Ra4 33. Rxe8+ Nxe8 34. Re1 Nc7 35. Be3 Ne6 36. Bg6 Nxd4 37. Bxd4 Rxd4 38. Re8+ Bf8 39. Rb8 Ra4 40. Rxb7 Rxa2 41. Rb8 Ra7 42. f4 Rc7 43. Rd8 c5 44. Rxd5 c4 45. Rd8 c3 46. Bc2 Kf7 47. g5 Ke7 48. Rd5 Ke6 49. Bb3 Ke7 50. Bc2 Ke6 51. Re5+ Kd6 52. Re8 Be7 53. gxh6 gxh6 54. Rh8 Kd5 55. Rxh6 Bc5+ 56. Kf1 Ra7 57. Ke2 Kc4 58. Rc6 Ra2 59. Kd1 Ra1+ 60. Ke2 Ra2 61. Kd1 Ra1+ 62. Ke2 Ra2 1/2-1/2


[Site "https://www.chess.com"]

[Event "Titled Tuesday Blitz December 14 2021"]
[White "Goryachkina, Aleksandra"]
[Black "Maksimovic, Bojan"]
[WhiteFideId "4147103"]
[BlackFideId "14408120"]
[WhiteElo "2441"]
[BlackElo "2458"]
[Result "0-1"]
[Round "09"]
[TimeControl "180+1"]
[Date "2021.12.14"]
[WhiteClock "0:00:01"]
[BlackClock "0:00:03"]

1. e4 c5 2. Nf3 Nc6 3. Bb5 e6 4. O-O Nge7 5. Re1 a6 6. Bf1 d5 7. exd5 Nxd5 8. d4 Be7 9. c4 Nf6 10. Be3 O-O 11. h3 cxd4 12. Nxd4 Ne5 13. Nc3 Bd7 14. Nb3 Qc8 15. Bg5 Ng6 16. Rc1 h6 17. Be3 Qc7 18. Bd3 Ne5 19. Bf4 Bd6 20. Bxe5 Bxe5 21. Qe2 Bh2+ 22. Kh1 Bf4 23. Rcd1 Bc6 24. Ne4 Be5 25. Nbc5 Rfd8 26. b4 Nxe4 27. Nxe4 Rd4 28. Bc2 Rad8 29. Rxd4 Bxd4 30. Rd1 Qe5 31. a4 b6 32. b5 Bb7 33. Ng3 Qc7 34. Be4 Bc8 35. Bc6 a5 36. Ne4 Be5 37. Rxd8+ Qxd8 38. g3 Qd4 39. Kg2 Bc7 40. Nd2 e5 41. Nf3 Qc5 42. Qd3 Be6 43. Nd2 f5 0-1


[Site "https://www.chess.com"]

[Event "Titled Tuesday Blitz December 14 2021"]
[White "Grandelius, Nils"]
[Black "Lazavik, Denis"]
[WhiteFideId "1710400"]
[BlackFideId "13515110"]
[WhiteElo "2617"]
[BlackElo "2436"]
[Result "0-1"]
[Round "09"]
[TimeControl "180+1"]
[Date "2021.12.14"]
[WhiteClock "0:00:05"]
[BlackClock "0:00:01"]

1. d4 d5 2. c4 c6 3. cxd5 cxd5 4. Bf4 Nf6 5. e3 Nc6 6. Bb5 Bd7 7. Nc3 a6 8. Bd3 Bg4 9. Nge2 e6 10. O-O Bd6 11. f3 Bh5 12. Na4 O-O 13. Nc5 Rb8 14. Rc1 e5 15. dxe5 Nxe5 16. Nd4 Bg6 17. Bxg6 hxg6 18. Bg5 Qe7 19. Nd3 Nxd3 20. Qxd3 Qe5 21. Bf4 Qe7 22. Bxd6 Qxd6 23. Rc3 Rfe8 24. Rd1 Re7 25. Qd2 Rbe8 26. Rd3 Qb6 27. Rb3 Qd6 28. Rd3 Qb6 29. Rb3 Qd6 30. Rc3 Qb6 31. Rdc1 Qa5 32. Nb3 Qa4 33. a3 Qh4 34. Rc8 Qg5 35. Rxe8+ Rxe8 36. Rc3 Qf5 37. Nd4 Qe5 38. Ne2 Qf5 39. Rd3 Rc8 40. Nc3 Rc5 41. h3 a5 42. Qd1 b6 43. Qd2 Qe5 44. Ne2 Qc7 45. Rc3 Qe5 46. Rxc5 bxc5 47. Qc3 Qe7 48. Kf2 a4 49. Nf4 g5 50. Nd3 c4 51. Nb4 Qe6 52. Nc2 g6 53. Qd4 Kg7 54. Nb4 Kg8 55. g4 Kf8 56. Qc5+ Kg7 57. Qd4 Kg8 58. Na2 Qd6 59. Nc3 Qc6 60. h4 gxh4 61. g5 Nh7 62. Nxd5 Qe6 63. f4 h3 64. Kg3 Qd6 65. Nf6+ Nxf6 66. Qxf6 Qd3 67. Kxh3 Qxe3+ 68. Kg4 Qe2+ 69. Kg3 Qe3+ 70. Kg4 Qg1+ 71. Kf3 Qf1+ 72. Ke4 Qd3+ 73. Ke5 c3 74. bxc3 Qxc3+ 75. Ke4 Qxa3 76. Qd8+ Kh7 77. Qc7 Qb3 78. f5 Qb1+ 79. Ke3 Qxf5 80. Qh2+ Kg7 81. Qb2+ Kg8 82. Qb8+ Kh7 83. Qh2+ Kg7 84. Qb2+ Kf8 85. Qb8+ Ke7 86. Qc7+ Ke6 87. Qc6+ Ke7 88. Qc7+ Qd7 89. Qc5+ Kd8 90. Qa5+ Ke8 91. Qa8+ Ke7 92. Qa5 Kf8 93. Qb4+ Qe7+ 0-1


[Site "https://www.chess.com"]

[Event "Titled Tuesday Blitz December 14 2021"]
[White "Holt, Conrad"]
[Black "Artemiev, Vladislav"]
[WhiteFideId "2034387"]
[BlackFideId "24101605"]
[WhiteElo "2586"]
[BlackElo "2830"]
[Result "1-0"]
[Round "09"]
[TimeControl "180+1"]
[Date "2021.12.14"]
[WhiteClock "0:00:03"]
[BlackClock "0:00:03"]

1. d4 Nf6 2. c4 g6 3. Nc3 d5 4. e3 Bg7 5. Qb3 e6 6. Qa3 c6 7. Nf3 a5 8. b3 Na6 9. Be2 Nb4 10. Qb2 O-O 11. O-O b6 12. a3 Na6 13. b4 axb4 14. axb4 Bb7 15. c5 b5 16. Ne5 Nd7 17. f4 Nxe5 18. fxe5 f6 19. exf6 Bxf6 20. Nd1 Qe7 21. Nf2 Bg7 22. Ng4 Rxf1+ 23. Bxf1 Qe8 24. Bd2 Nb8 25. Rxa8 Bxa8 26. Qa1 Nd7 27. Bc3 Bb7 28. Qa5 Qc8 29. Be2 h5 30. Nf2 e5 31. dxe5 Bxe5 32. Bxe5 Nxe5 33. Qa1 Qe8 34. e4 Nd7 35. Bd3 dxe4 36. Bxe4 Qe5 37. Qb1 Qd4 38. Bxg6 Ne5 39. Bxh5 Bc8 40. Be2 Be6 41. h3 Bd5 42. Qf5 Qe3 43. Bf1 Bc4 44. Bxc4+ bxc4 45. Qe4 Qc1+ 46. Kh2 Qb2 47. Ng4 Nxg4+ 48. Qxg4+ Kh8 49. Qxc4 Qe5+ 50. Kg1 Qe1+ 51. Qf1 Qxb4 52. Qf8+ Kh7 53. Qf7+ Kh8 54. Qf6+ Kh7 55. Qe7+ Kh8 56. Qd8+ Kh7 57. Qd7+ Kh8 58. Qe8+ Kh7 59. Qe5 Qb1+ 60. Kh2 Qg6 61. Qc7+ Kh8 62. Qe5+ Kh7 63. h4 Qd3 64. Qe7+ Kh8 65. Qf6+ Kh7 66. Qxc6 Qd4 67. Qc7+ Kh8 68. Qc8+ Kg7 69. Qc7+ Kh8 70. Qg3 Qxc5 71. Qf4 Qe7 72. Kh3 Qe6+ 73. Kg3 Qb3+ 74. Kh2 Qb1 75. Qh6+ Kg8 76. Qg5+ Kh7 77. h5 Qe4 78. Kh3 Qe6+ 79. Kh4 Qe1+ 80. Qg3 Qh1+ 81. Kg4 Qd1+ 82. Qf3 Qd7+ 83. Qf5+ 1-0


[Site "https://www.chess.com"]

[Event "Titled Tuesday Blitz December 14 2021"]
[White "Ibrahimli, Murad"]
[Black "Aradhya, Garg"]
[WhiteFideId "13410229"]
[BlackFideId "25006746"]
[WhiteElo "2109"]
[BlackElo "2176"]
[Result "1-0"]
[Round "09"]
[TimeControl "180+1"]
[Date "2021.12.14"]
[WhiteClock "0:00:09"]
[BlackClock "0:00:07"]

1. d4 d5 2. c4 c6 3. Nc3 Nf6 4. Nf3 Nbd7 5. cxd5 cxd5 6. Bf4 e6 7. h3 Ne4 8. e3 Nxc3 9. bxc3 Be7 10. Bd3 O-O 11. O-O Nf6 12. Rb1 b6 13. Ne5 Bb7 14. Qb3 Rc8 15. Rfc1 Nd7 16. Nf3 Nb8 17. Qc2 h6 18. Bxb8 Rxb8 19. Qe2 Rc8 20. Ba6 Qc7 21. Rc2 Bd6 22. a4 Bxa6 23. Qxa6 Qc4 24. Qxa7 Bc7 25. Ne5 Bxe5 26. dxe5 Qe4 27. Rbc1 Rc6 28. Qa6 Qxe5 29. c4 dxc4 30. Rxc4 Rxc4 31. Qxc4 Qa5 32. Qf4 Ra8 33. Rc7 Qf5 34. Qb4 g6 35. Qxb6 Rxa4 36. Qb8+ Kg7 37. Rc8 Ra1+ 38. Kh2 g5 39. Rg8+ Kh7 40. Rh8+ Kg6 41. Qg8+ Kf6 42. Rxh6+ Ke7 43. Rh8 Qe5+ 44. g3 Qd5 45. Qf8+ Kf6 46. Rh6+ Kf5 47. Qxf7+ Ke4 48. Rxe6+ Kd3 49. e4 Qd4 50. Qf3+ Kd2 51. Re8 Ke1 52. Qg2 Qxf2 53. Qxf2+ Kxf2 54. e5 Kf3 55. Rf8+ Ke4 56. e6 Ra2+ 57. Kg1 Ra1+ 58. Kg2 Ra7 59. Rf7 Ra2+ 60. Rf2 Ra8 61. e7 Re8 62. Re2+ Kf5 63. Re1 Kf6 64. Kf3 Rxe7 65. Rxe7 Kxe7 66. Kg4 Kf6 67. Kh5 Kf5 68. g4+ Kf6 69. Kh6 Kf7 70. Kxg5 1-0


[Site "https://www.chess.com"]